 Dungeon Crawl Stone Soup version 0.27.1-4-g1640c2035a (webtiles) character file.

Game seed: 14639255667744077761

649312 raph the Conqueror (level 27, 0/271 (273) HPs)
             Began as a Minotaur Berserker on Nov 2, 2021.
             Was a High Priest of Trog.
             Killed from afar by an orb of fire (25 damage)
             ... with a fireball
             ... on level 4 of the Realm of Zot on Nov 3, 2021.
             The game lasted 02:53:51 (78998 turns).

raph the Conqueror (Minotaur Berserker)            Turns: 78998, Time: 02:53:51

HP:   0/271 (273)   AC: 41    Str: 28 (33) XL:     27
MP:   19/19         EV: 18    Int:  0 (4)  God:    Trog [*****.]
Gold: 3378          SH: 31    Dex: 19 (24) Spells: 26/26 levels left

rFire    + + .     SeeInvis .   a - +9 eveningstar (freeze)
rCold    + . .     Faith    .   N - +4 tower shield
rNeg     + . .     Spirit   .   U - +10 crystal plate armour {rC+}
rPois    +         Reflect  .   k - -2 hat of the Alchemist {rElec rPois rF+ rC+ rN+ Will+ rMut rCorr}
rElec    +         Harm     .   Y - +2 cloak
rCorr    +         Rampage  .   J - +2 pair of gloves {Str+3}
rMut     +                      e - +1 pair of boots
Will     +++..                  d - amulet "Ryeddea" {RegenMP Regen+ Str+2 Dex+3}
Stlth    ..........             s - ring "Afaipp" {Fire Str+4 Int+4}
HPRegen  1.55/turn              M - ring of the Will of the Gods {+Blink Fly Int-4 Dex+2}
MPRegen  0.41/turn

@: flying, hasted and slowed, lost intelligence, lightly drained
A: horns 2, retaliatory headbutt, deformed body, deterioration 1, low mp 1, weak
1
}: 3/15 runes: decaying, silver, gossamer
a: Renounce Religion, Evoke Blink, Berserk, Trog's Hand, Brothers in Arms


You were on level 4 of the Realm of Zot.
You worshipped Trog.
Trog was extremely pleased with you.
You visited 9 branches of the dungeon, and saw 49 of its levels.
You also visited: Ice Cave.

You collected 8537 gold pieces.
You spent 5159 gold pieces at shops.

Inventory:

Hand Weapons
 a - a +9 eveningstar of freezing (weapon)
 b - the +5 fustibalus "Bange" {vorpal, rPois}
   (You found it in an ice cave)

   Any ammunition fired from it inflicts extra damage upon your enemies.
   rPois:     It protects you from poison.
 w - the +3 demon whip "Bawicaon" {venom, MP-9 Int+5 Dex+9}
   (You bought it in a shop on level 3 of the Dungeon)

   It poisons the flesh of those it strikes.
   Int:       It affects your intelligence (+5).
   Dex:       It affects your dexterity (+9).
   MP:        It affects your magic capacity (-9).
 x - a +8 sacred scourge of holy wrath
 C - the +4 hunting sling "Zinkacer" {flame, rC+}
   (You found it on level 5 of the Dungeon)

   Any ammunition fired from it burns those it strikes, dealing additional fire
   damage.
   rC:        It protects you from cold.
Missiles
 D - 1282 stones
 O - 86 sling bullets
Armour
 e - a +1 pair of boots (worn)
 k - the -2 hat of the Alchemist (worn) {rElec rPois rF+ rC+ rN+ Will+ rMut rCorr}
   (You bought it in a shop on level 4 of the Vaults)

   rF:        It protects you from fire.
   rC:        It protects you from cold.
   rElec:     It insulates you from electricity.
   rPois:     It protects you from poison.
   rN:        It protects you from negative energy.
   rCorr:     It protects you from acid and corrosion.
   rMut:      It protects you from mutation.
   Will:      It increases your willpower.
 J - a +2 pair of gloves of strength (worn)
 N - a +4 tower shield (worn)
 U - a +10 crystal plate armour of cold resistance (worn)
 Y - a +2 cloak (worn)
Jewellery
 d - the amulet "Ryeddea" (around neck) {RegenMP Regen+ Str+2 Dex+3}
   (You took it off a frost giant on level 5 of the Vaults)

   [amulet of magic regeneration]

   It increases your rate of magic regeneration.
   Str:       It affects your strength (+2).
   Dex:       It affects your dexterity (+3).
   Regen:     It increases your rate of health regeneration.
 h - a ring of see invisible
 m - a ring of fire
 s - the ring "Afaipp" (left hand) {Fire Str+4 Int+4}
   (You acquired it on level 11 of the Dungeon)

   [ring of fire]

   It enhances your fire magic.
   Str:       It affects your strength (+4).
   Int:       It affects your intelligence (+4).
   rF:        It protects you from fire.
   rC:        It makes you vulnerable to cold.
 M - the ring of the Will of the Gods (right hand) {+Blink Fly Int-4 Dex+2}
   (You found it on level 5 of the Vaults)

   [ring of flight]

   Int:       It affects your intelligence (-4).
   Dex:       It affects your dexterity (+2).
   Fly:       It grants you flight.
   +Blink:    It lets you blink.
Wands
 o - a wand of paralysis (11)
 t - a wand of polymorph (3)
 y - a wand of iceblast (58)
 L - a wand of flame (154)
 T - a wand of acid (27)
 V - a wand of digging (7)
 X - a wand of mindburst (10)
Scrolls
 g - a scroll of magic mapping
 A - 31 scrolls of identify
 B - 6 scrolls of fear
 E - 5 scrolls of fog
 I - 17 scrolls of teleportation
 K - a scroll of holy word
 P - 8 scrolls of summoning
 Q - 5 scrolls of blinking
 Z - 3 scrolls of silence
Potions
 c - a potion of haste
 f - 4 potions of resistance
 i - 20 potions of curing
 l - 8 potions of mutation
 n - 6 potions of ambrosia
 p - 9 potions of flight
 q - a potion of magic
 u - 4 potions of cancellation
 H - 2 potions of might
 W - 3 potions of invisibility
Miscellaneous
 j - a condenser vane
 r - a phantom mirror (inert)
 v - a phial of floods
 R - a tin of tremorstones (2/2)


   Skills:
 O Level 27 Fighting
 - Level 16.0 Maces & Flails
 - Level 14.0 Slings
 + Level 23.9 Armour
 + Level 22.4 Dodging
 - Level 25.0 Shields
 + Level 14.9 Evocations


You had 26 spell levels left.
You didn't know any spells.
Your spell library was empty.

Dungeon Overview and Level Annotations

Branches:
Dungeon (15/15)            Temple (0/1) D:5            Lair (6/6) D:11
  Swamp (4/4) Lair:3       Spider (4/4) Lair:2        Slime (0/5) Lair:5
    Orc (2/2) D:10            Elf (3/3) Orc:2        Vaults (5/5) D:13
  Crypt (0/3) Vaults:2     Depths (5/5) D:15            Zot (5/5) Depths:5
  IceCv (visited)

Altars:
Ashenzari
Cheibriados
Dithmenos
Elyvilon
Fedhas
Hepliaklqana
Kikubaaqudgha
Nemelex Xobeh
Okawaru
Sif Muna
Trog
Zin
The Shining One
Beogh
Lugonu

Shops:
D:1 ?   D:3 (   D:7 =   Orc:1 :   Orc:2 (!=??   Elf:1 ?   Elf:2 *   Elf:3 (
Vaults:1 [   Vaults:3 :   Vaults:4 [   Depths:1 (

Portals:
Hell: Depths:1 Depths:2 Depths:3 Depths:4 Depths:5
Abyss: D:7 Depths:2 Depths:4
Pandemonium: Orc:2 Depths:3 Depths:4
Ziggurat: Depths:4

Annotations:
Lair:5 exclusion: oklob plant
Spider:3 exclusion: 2 oklob plants
Elf:1 Roxanne
Zot:1 exclusion: orb of fire


Innate Abilities, Weirdness & Mutations

You have a pair of horns on your head.
You reflexively headbutt those who attack you in melee.
Armour fits poorly on your strangely shaped body.
Your body sometimes deteriorates upon taking damage.
Your magical capacity is low. (-10% MP)
You are weak. (Str -2)


Message History

* * * LOW HITPOINT WARNING * * *
The orb of fire glows deep purple.
The bolt of fire hits your ogre!!!
Your ogre dies!
Your ogre's corpse disappears in a puff of smoke!
The bolt of fire misses you.
Aiming: Phantom Mirror
Press: ? - help, Dir - move target, f - balrug
Aim: a balrug, wielding a +0 demon whip of freezing (summoned)
You reflect the balrug with the mirror!
The mirror clouds!
Your balrug barely misses the reaper.
The Tzitzimitl calls on the powers of darkness!
Your body is wracked with pain!
* * * LOW HITPOINT WARNING * * *
Your balrug gestures at the reaper.
The reaper is smitten.
The Tzitzimitl engulfs your balrug!
The Tzitzimitl drains your balrug's vigour!
Your balrug seems to slow down.
The Tzitzimitl bites your balrug!!
Your balrug hits the Tzitzimitl with a +0 demon whip of freezing!
The Tzitzimitl is engulfed in flames!
The balrug hits your balrug with a +0 demon whip of freezing!!
Your balrug is engulfed in flames.
Your balrug completely resists.
The balrug freezes your balrug.
A dread lich appears from thin air!
Reactivating autopickup.
Something engulfs your balrug! Something barely misses your balrug.
Something hits your balrug!! Something freezes your balrug.
Your balrug dies!
Your deep troll goes berserk!
You swap places.
The orb of fire emits a lurid red light.
The fireball explodes!
The fireball engulfs your deep troll!!!!
Your deep troll dies!
Your deep troll's corpse disappears in a puff of smoke!
The fireball engulfs you!! You resist.
You die...

#.1...................
#..##########.........
#.2####≈≈≈≈≈#.........
#.2####≈≈≈≈≈#.........
#..####≈≈≈≈≈#.........
#.L####≈≈≈≈≈#...<.....
#.*##########.........
#...§.................
#....@................
##'###########........
#.# ######### #.# #
#.# # #.# ###### #.#
#########.....
#.######.........####
#...........####.# #


You could see an orb of fire, a dread lich, a reaper (summoned) and a balrug
(summoned).

Vanquished Creatures
  A dread lich (Vaults:4)
  An ancient lich (Vaults:5)
  2 orbs of fire
  Mara (Depths:3)
  A Killer Klown (Zot:3)
  Saint Roka (Depths:3)
  Bai Suzhen (Depths:2)
  Xtahua (Depths:3)
  5 caustic shrikes (Depths:3)
  13 golden dragons
  6 curse toes
  Nikola (Swamp:1)
  Jory (Depths:2)
  An electric golem (Zot:3)
  Jorgrun (D:14)
  Rupert (Spider:1)
  19 tentacled monstrosities
  The ghost of emiel the Phalangite, an adept NaBe of Trog (Elf:3)
  6 quicksilver dragons
  10 Orb Guardians (Zot:5)
  3 deep elf blademasters
  3 liches
  10 titans
  The ghost of Kay the Warrior, an adept MiMo of Trog (Elf:2)
  2 deep elf master archers (Elf:3)
  10 death cobs
  5 sphinxes
  An ancient champion (Vaults:2)
  17 storm dragons
  9 tengu reavers
  13 shadow dragons
  7 draconian monks
  3 iron dragons
  7 frost giants
  10 fire giants
  3 draconian knights
  3 deep elf sorcerers
  4 spectral caustic shrikes (Depths:4)
  5 ghost moths
  22 vault wardens
  4 draconian scorchers
  2 orc warlords (Vaults:2)
  Aizul (Vaults:1)
  2 deep elf elementalists (Elf:3)
  2 angels (Elf:2)
  Louise (Depths:4)
  5 emperor scorpions
  3 draconian annihilators
  A reaper (Depths:5)
  4 draconian stormcallers
  A ghoul (D:15)
  3 draconian shifters
  40 very ugly things
  16 ironbound preservers
  2 spriggan defenders
  2 war gargoyles
  8 black draconians
  7 deep elf demonologists
  28 stone giants
  12 dire elephants
  15 red draconians
  Azrael (D:14)
  15 purple draconians
  4 deep elf annihilators
  17 green draconians
  4 bunyips
  9 entropy weavers
  13 white draconians
  A spark wasp (Spider:4)
  3 yellow draconians
  A crystal guardian (Vaults:1)
  An eleionoma (Swamp:1)
  5 deep elf death magi
  Snorg (D:14)
  12 yaktaur captains
  16 ettins
  A shambling mangrove (Swamp:4)
  3 blizzard demons
  13 fire dragons
  7 deep elf high priests
  5 great orbs of eyes
  7 boulder beetles
  4 rakshasas
  A ghost crab (Swamp:2)
  9 ice dragons
  7 ironbound thunderhulks
  6 spriggan air magi
  A hell beast (Depths:5)
  41 vault guards
  3 catoblepae
  14 hydras
  12 centaur warriors
  3 peacekeepers
  10 ironbound frosthearts
  2 ogre magi
  12 tengu warriors
  7 two-headed ogres
  9 alligators
  15 death yaks
  28 dancing weapons
  An anaconda (shapeshifter) (Vaults:5)
  12 ironbound beastmasters
  2 spriggan berserkers
  6 deep troll earth magi
  6 deep troll shamans
  5 orc high priests (Orc:2)
  Nergalle (Lair:2)
  3 soul eaters
  13 deep elf knights
  Sonja (Orc:1)
  A fire crab (shapeshifter) (Vaults:4)
  4 iron trolls (Depths:2)
  A sixfirhy (Orc:2)
  A fire crab (Lair:6)
  3 death drakes
  3 skeletal warriors
  6 goliath frogs
  2 flayed ghosts
  6 spriggan druids
  58 deep trolls
  A glowing orange brain (Depths:4)
  2 infernal demonspawn (Orc:2)
  9 deep elf archers
  A swamp dragon (shapeshifter) (Vaults:4)
  5 bog bodies
  6 swamp dragons
  4 phantasmal warriors
  2 harpies (shapeshifter) (Elf:2)
  3 necromancers
  Pikel (D:5)
  16 ironbound convokers
  7 lindwurms
  11 orc knights
  24 deep elf pyromancers
  A stone giant zombie (Vaults:2)
  19 wizards
  19 orb spiders
  61 ugly things
  6 harpies
  36 deep elf zephyrmancers
  A salamander (shapeshifter) (Elf:2)
  An oklob plant (D:11)
  13 orc sorcerers
  2 human zombies (Vaults:2)
  3 will-o-the-wisps
  2 cyclopes
  4 manticores
  22 slime creatures
  33 moths of wrath
  14 elephants
  34 wolf spiders
  3 centaur zombies
  A frost giant skeleton (Vaults:4)
  An ice statue (IceCv)
  7 black mambas
  17 cane toads
  3 orange demons
  21 vault sentinels
  A yaktaur zombie (Vaults:4)
  Maggie (D:8)
  3 unseen horrors
  An efreet (D:13)
  2 rime drakes
  12 komodo dragons
  3 freezing wraiths
  A kobold demonologist (D:12)
  57 yaktaurs
  An ice devil (Depths:4)
  4 tengu conjurers
  16 demonic crawlers
  A hellwing (Depths:4)
  A guardian mummy (D:15)
  42 jumping spiders
  A queen bee (shapeshifter) (D:13)
  17 polar bears
  3 meliai (D:13)
  4 trolls
  Grinder (D:5)
  A wind drake (shapeshifter) (D:15)
  A bloated husk (Swamp:1)
  A polar bear (shapeshifter) (Vaults:4)
  A slime creature (shapeshifter) (Vaults:5)
  Prince Ribbit (D:5)
  A raiju (Spider:3)
  2 tyrant leeches (Swamp:1)
  22 hornets
  13 dream sheep
  4 blink frogs (Lair:6)
  2 centaur simulacra (D:15)
  A flying skull (Vaults:2)
  57 redbacks
  A tarantella (shapeshifter) (Elf:1)
  4 shadows
  An air elemental (Elf:1)
  2 ynoxinuls
  An ettin skeleton (Vaults:4)
  A yak (shapeshifter) (D:13)
  22 spriggans
  27 tarantellas
  7 water elementals
  66 yaks
  5 fire elementals
  A fire bat (shapeshifter) (Vaults:5)
  5 wyverns
  2 basilisks
  2 steam dragons (D:8)
  9 vampire mosquitoes
  2 wargs
  An elf skeleton (Vaults:4)
  6 swamp worms
  44 orc warriors
  2 acid dragons
  16 water moccasins
  3 hell hounds (D:13)
  5 swamp drakes
  3 sky beasts
  A black bear (shapeshifter) (Vaults:4)
  9 ogres
  3 black bears
  A necrophage (D:6)
  5 boggarts
  49 wolves
  11 centaurs
  2 human skeletons
  A lemure (D:5)
  A phantom (D:4)
  6 kobold brigands
  4 bullfrogs
  A gnoll sergeant (D:9)
  10 scorpions
  2 earth elementals (Elf:2)
  A water moccasin zombie (D:5)
  A wyvern skeleton (D:6)
  3 killer bees (D:6)
  5 wights (D:10)
  4 electric eels (Spider:2)
  7 howler monkeys
  2 bullfrog zombies (D:6)
  A gnoll shaman (D:8)
  2 hounds
  A jelly (D:3)
  25 orc priests
  A centaur skeleton (D:7)
  5 iguanas
  20 orc wizards
  A killer bee zombie (D:7)
  A mummy (D:15)
  9 gnolls
  11 adders
  13 white imps
  2 adder skeletons (D:4)
  An adder zombie (D:5)
  2 worms
  A dart slug (D:1)
  92 orcs
  2 bats
  4 endoplasms
  6 giant cockroaches
  3 goblins
  8 hobgoblins
  2 jackals (D:4)
  5 ball pythons
  2 frilled lizards (D:1)
  18 kobolds
  A quokka skeleton (D:4)
  6 rats
2136 creatures vanquished.

Vanquished Creatures (collateral kills)
  2 dread liches
  Mennas (Vaults:4)
  Sojobo (Vaults:4)
  Arachne (Spider:2)
  An Orb Guardian (Zot:4)
  Agnes (D:14)
  A vault warden (Vaults:3)
  A ghost moth (Spider:4)
  2 ghouls (D:15)
  An ironbound preserver (Vaults:3)
  A war gargoyle (Vaults:4)
  A deep elf annihilator (Vaults:5)
  A bunyip (Swamp:3)
  2 ironbound thunderhulks
  3 hydras
  An ironbound beastmaster (Vaults:3)
  2 skeletal warriors (D:15)
  A swamp dragon (Swamp:2)
  A death drake (Swamp:2)
  3 deep trolls (Vaults:3)
  2 harpies (Vaults:3)
  An ironbound convoker (Vaults:3)
  2 ugly things (Vaults:4)
  A manticore (D:15)
  A centaur zombie (D:15)
  4 vault sentinels
  2 yaktaurs (Vaults:4)
  2 hornets (Spider:4)
  2 dream sheep (Lair:6)
  A swamp worm (Swamp:3)
  A warg (Orc:2)
  An orc warrior (Orc:2)
  A swamp drake (Swamp:2)
  3 orc priests (Orc:2)
  A mummy (D:15)
  An orc (Orc:2)
54 creatures vanquished.

Vanquished Creatures (others)
  A golden dragon (Zot:2)
  A tentacled monstrosity (Zot:1)
  An eldritch tentacle (Elf:3)
  A death cob (Zot:1)
  A tengu reaver (Vaults:4)
  2 draconian monks (Zot:1)
  A draconian scorcher (Zot:1)
  3 draconian knights
  A draconian shifter (Zot:1)
  A draconian annihilator (Zot:1)
  2 draconian stormcallers (Zot:1)
  2 green draconians (Zot:1)
  4 black draconians (Zot:1)
  2 white draconians (Zot:1)
  A yellow draconian (Zot:1)
  2 purple draconians (Zot:1)
  4 red draconians (Zot:1)
  An ogre mage (D:15)
  A hydra (Swamp:3)
  A dancing weapon (Elf:3)
  A hell hog (Depths:5)
  3 deep elf knights
  2 wizards
  A phantasmal warrior (Vaults:4)
  3 deep elf archers (Elf:3)
  2 deep elf pyromancers (Elf:3)
  3 deep elf zephyrmancers (Elf:3)
  3 moths of wrath (Zot:1)
  3 bloated husks
  A centaur (D:15)
  An orc wizard (D:8)
  12 foxfires (Swamp:2)
  74 fungi
  126 plants
  A withered plant (D:15)
269 creatures vanquished.

Grand Total: 2459 creatures vanquished

Notes
Turn   | Place    | Note
-------+----------+-------------------------------------------
     0 | D:1      | raph the Minotaur Berserker began the quest for the Orb.
     0 | D:1      | Reached XP level 1. HP: 19/19 MP: 0/0
   600 | D:1      | Reached XP level 2. HP: 26/26 MP: 1/1
   698 | D:1      | Found Eweocez's Magic Scroll Boutique.
   706 | D:1      | Bought a scroll of identify for 20 gold pieces
   706 | D:1      | Bought a scroll of magic mapping for 35 gold pieces
  1327 | D:2      | Found a faded altar of an unknown god.
  1330 | D:2      | Reached skill level 5 in Maces & Flails
  1678 | D:2      | Reached XP level 3. HP: 31/31 MP: 2/2
  1778 | D:1      | Bought a scroll of identify for 20 gold pieces
  1778 | D:1      | Bought a scroll of identify for 20 gold pieces
  2227 | D:3      | Found Marifi's Antique Weapon Boutique.
  2284 | D:3      | Reached XP level 4. HP: 39/39 MP: 3/3
  2586 | D:3      | Noticed a scorpion
  2590 | D:3      | Killed a scorpion
  2591 | D:3      | Reached XP level 5. HP: 45/45 MP: 4/4
  3104 | D:4      | Reached ** piety under Trog
  3182 | D:4      | Noticed an ogre
  3190 | D:4      | Killed an ogre
  3191 | D:4      | Reached XP level 6. HP: 51/51 MP: 5/5
  3565 | D:4      | Identified the +1 ring mail of Hihetili {Int+3}
  3595 | D:4      | Identified the ring of Secrets {Ice Drain rPois Will++
                  | Dex+3}
  3754 | D:4      | Found a hazy altar of Hepliaklqana.
  3763 | D:4      | Reached XP level 7. HP: 50/57 MP: 6/6
  3997 | D:5      | Entered Level 5 of the Dungeon
  4038 | D:5      | Noticed Prince Ribbit
  4103 | D:5      | Reached skill level 10 in Maces & Flails
  4511 | D:5      | Found a staircase to the Ecumenical Temple.
  4548 | D:5      | Noticed Grinder
  4559 | D:5      | Killed Grinder
  4560 | D:5      | Reached XP level 8. HP: 64/64 MP: 7/7
  4589 | D:5      | Found a snail-covered altar of Cheibriados.
  4599 | D:5      | Found a shadowy altar of Dithmenos.
  4761 | D:3      | Bought a glowing morningstar for 203 gold pieces
  4897 | D:5      | Noticed a troll
  4903 | D:5      | Killed a troll
  4910 | D:5      | Killed Prince Ribbit
  4911 | D:5      | Noticed Pikel
  4933 | D:5      | Killed Pikel
  4934 | D:5      | Reached XP level 9. HP: 61/71 MP: 8/8
  4967 | D:5      | Identified the +4 hunting sling "Zinkacer" {flame, rC+}
  5340 | D:5      | Reached skill level 1 in Shields
  5635 | D:6      | Reached skill level 4 in Fighting
  6023 | D:6      | Found a runed translucent door.
  6025 | D:6      | Found a runed translucent door.
  6790 | D:7      | Found a large runed translucent door.
  6792 | D:7      | Found a large runed translucent door.
  6795 | D:7      | Found a corrupted altar of Lugonu.
  6802 | D:7      | Identified the +3 rapier of Risk Management {distort, +Rage
                  | rPois rCorr Dex-2}
  6945 | D:7      | Reached *** piety under Trog
  7076 | D:7      | Found Fianuat's Jewellery Shop.
  7174 | D:7      | Found a one-way gate to the infinite horrors of the Abyss.
  7577 | D:8      | Reached skill level 5 in Fighting
  7787 | D:8      | Reached skill level 5 in Armour
  7863 | D:8      | Noticed Maggie
  7872 | D:8      | Killed Maggie
  7873 | D:8      | Reached skill level 6 in Fighting
  7873 | D:8      | Reached skill level 1 in Slings
  7873 | D:8      | Reached XP level 10. HP: 83/83 MP: 9/9
  8159 | D:8      | Found a glowing golden altar of the Shining One.
  8292 | D:9      | Reached skill level 5 in Dodging
  8648 | D:9      | Reached skill level 5 in Shields
  9152 | D:10     | Entered Level 10 of the Dungeon
  9184 | D:10     | Reached skill level 7 in Fighting
  9456 | D:10     | Reached skill level 5 in Slings
  9545 | D:10     | Noticed a two-headed ogre
  9550 | D:10     | Killed a two-headed ogre
  9550 | D:10     | Reached **** piety under Trog
  9955 | D:10     | Reached XP level 11. HP: 91/92 MP: 10/10
  9970 | D:10     | Found a staircase to the Orcish Mines.
 10936 | D:11     | Noticed an oklob plant
 10938 | D:11     | Found a staircase to the Lair.
 11015 | D:11     | Found a white marble altar of Elyvilon.
 11110 | D:11     | Identified the +1 plate armour "Osiytit" {Int+2}
 11388 | D:11     | Identified a scroll of acquirement
 11388 | D:11     | Acquired the ring "Afaipp" {Fire Str+4 Int+4}
 11719 | D:11     | Killed an oklob plant
 11773 | Lair:1   | Entered Level 1 of the Lair of Beasts
 11778 | Lair:1   | Identified the +2 trident "Pucaxewa" {vorpal, Will+}
 11868 | Lair:1   | Reached skill level 10 in Shields
 12374 | Lair:1   | Identified the +8 quarterstaff "Sof Hono" {vamp, Dex+3
                  | Stlth+}
 12505 | Lair:1   | Found an ancient bone altar of Kikubaaqudgha.
 13113 | Lair:2   | Noticed a catoblepas
 13121 | Lair:2   | Killed a catoblepas
 13266 | Lair:2   | Reached XP level 12. HP: 101/101 MP: 11/11
 13452 | Lair:2   | Found a hole to the Spider Nest.
 13589 | Lair:2   | Noticed a five-headed hydra
 13590 | Lair:2   | Noticed a five-headed hydra
 13595 | Lair:2   | Killed a five-headed hydra
 13597 | Lair:2   | Killed a five-headed hydra
 13769 | Lair:2   | Noticed Nergalle
 13777 | Lair:2   | Killed Nergalle
 13916 | Lair:2   | Noticed a catoblepas
 13923 | Lair:2   | Killed a catoblepas
 14900 | D:3      | Bought a fine demon whip for 580 gold pieces
 14900 | D:3      | Identified the +3 demon whip "Bawicaon" {venom, MP-9 Int+5
                  | Dex+9} (You bought it in a shop on level 3 of the Dungeon)
 15144 | Lair:3   | Found a staircase to the Swamp.
 15148 | Lair:3   | Found a frozen archway.
 15211 | IceCv    | Entered an ice cave
 15411 | IceCv    | Noticed a death yak
 15412 | IceCv    | Noticed a death yak
 15412 | IceCv    | Noticed a death yak
 15421 | IceCv    | Killed a death yak
 15422 | IceCv    | Reached skill level 15 in Shields
 15422 | IceCv    | Reached skill level 8 in Fighting
 15426 | IceCv    | Killed a death yak
 15430 | IceCv    | Killed a death yak
 15431 | IceCv    | Reached skill level 1 in Evocations
 15868 | IceCv    | Reached XP level 13. HP: 108/108 MP: 12/12
 15920 | IceCv    | Reached ***** piety under Trog
 16189 | IceCv    | Identified the +5 fustibalus "Bange" {vorpal, rPois}
 16613 | Lair:3   | Reached skill level 9 in Fighting
 18829 | Lair:5   | Reached XP level 14. HP: 114/119 MP: 13/13
 18916 | Lair:5   | Found a staircase to the Slime Pits.
 19550 | Lair:6   | Entered Level 6 of the Lair of Beasts
 19589 | Lair:5   | Reached skill level 15 in Maces & Flails
 19693 | Lair:6   | Reached skill level 10 in Fighting
 20415 | Lair:6   | Reached skill level 10 in Armour
 20427 | Lair:6   | Received a gift from Trog
 21870 | Orc:1    | Entered Level 1 of the Orcish Mines
 22530 | D:10     | Reached XP level 15. HP: 88/128 MP: 14/14
 23148 | Orc:1    | Found Gut Buph's Book Boutique.
 23447 | Orc:2    | Entered Level 2 of the Orcish Mines
 23447 | Orc:2    | Found Jeono's Magic Scroll Emporium.
 23451 | Orc:2    | Found a staircase to the Elven Halls.
 23455 | Orc:2    | Bought a scroll of enchant weapon for 82 gold pieces
 23455 | Orc:2    | Bought a scroll of enchant weapon for 82 gold pieces
 23455 | Orc:2    | Bought a scroll of enchant weapon for 82 gold pieces
 23455 | Orc:2    | Bought a scroll of enchant armour for 82 gold pieces
 23455 | Orc:2    | Bought a scroll of blinking for 82 gold pieces
 23455 | Orc:2    | Bought a scroll of blinking for 82 gold pieces
 23626 | Orc:2    | Noticed Sonja
 24250 | Orc:1    | Killed Sonja
 24781 | Orc:2    | Received a gift from Trog
 24792 | Orc:2    | Found Dewat's Magic Scroll Shop.
 24794 | Orc:2    | Found Quliol's Distillery.
 24874 | Orc:2    | Bought a potion of might for 60 gold pieces
 24874 | Orc:2    | Bought a potion of invisibility for 120 gold pieces
 24931 | Orc:2    | Reached skill level 11 in Fighting
 25053 | Orc:2    | Reached skill level 10 in Dodging
 25060 | Orc:2    | Reached skill level 10 in Slings
 25445 | Orc:2    | Found Dusem's Jewellery Emporium.
 25445 | Orc:2    | Found Tiodd's Antique Weapon Shoppe.
 25446 | Orc:2    | Found a one-way gate leading to the halls of Pandemonium.
 26235 | D:12     | Found the +3 warlock's mirror {reflect}
 26243 | D:12     | Received a gift from Trog
 27584 | D:13     | Found a gate to the Vaults.
 27921 | D:13     | Found a sparkling altar of Nemelex Xobeh.
 28352 | D:14     | Noticed Azrael
 28522 | D:14     | Killed Azrael
 28605 | D:14     | Noticed Snorg
 28618 | D:14     | Killed Snorg
 28765 | D:14     | Reached XP level 16. HP: 125/139 MP: 15/15
 28803 | D:14     | Noticed Jorgrun
 28821 | D:14     | Killed Jorgrun
 29066 | D:14     | Reached skill level 12 in Fighting
 29121 | D:14     | Noticed Agnes
 29131 | D:14     | Killed Agnes
 29262 | D:15     | Entered Level 15 of the Dungeon
 29600 | D:15     | Identified the +10 quarterstaff "Rareekk" {flame, rPois
                  | rN++ Str-4 Stlth+} (Trog gifted it to you on level 15 of
                  | the Dungeon)
 29600 | D:15     | Received a gift from Trog
 29785 | D:15     | Found a staircase to the Depths.
 30601 | Swamp:1  | Entered Level 1 of the Swamp
 31646 | Swamp:1  | Noticed Nikola
 31661 | Swamp:1  | Killed Nikola
 32544 | Swamp:2  | Reached XP level 17. HP: 138/148 MP: 7/16
 32547 | Swamp:2  | Reached skill level 13 in Fighting
 32943 | Swamp:3  | Found a hazy altar of Hepliaklqana.
 33960 | Swamp:4  | Entered Level 4 of the Swamp
 34391 | Swamp:4  | Noticed a tentacled monstrosity
 34393 | Swamp:4  | Got a decaying rune of Zot
 34525 | Spider:1 | Entered Level 1 of the Spider Nest
 34859 | Spider:1 | Noticed Rupert
 34873 | Spider:1 | Killed Rupert
 35890 | Spider:2 | Noticed Arachne
 35986 | Spider:2 | Killed Arachne
 35987 | Spider:2 | Reached skill level 14 in Fighting
 36819 | Spider:3 | Reached XP level 18. HP: 117/160 MP: 8/17
 37983 | Spider:4 | Entered Level 4 of the Spider Nest
 38696 | Spider:4 | Received a gift from Trog
 39163 | Spider:4 | Reached skill level 15 in Fighting
 39736 | Spider:4 | Reached ****** piety under Trog
 40097 | Spider:4 | Received a gift from Trog
 40108 | Spider:4 | Got a gossamer rune of Zot
 41090 | Vaults:1 | Entered Level 1 of the Vaults
 41415 | Vaults:1 | Reached XP level 19. HP: 124/172 MP: 9/18
 41792 | Vaults:1 | Noticed Aizul
 41806 | Vaults:1 | Killed Aizul
 42269 | Vaults:1 | Reached skill level 16 in Fighting
 42311 | Vaults:1 | Received a gift from Trog
 42557 | Vaults:1 | Found Moseah's Antique Armour Shop.
 43192 | Vaults:2 | Found a staircase to the Crypt.
 43957 | Vaults:2 | Received a gift from Trog
 44315 | Vaults:2 | Reached XP level 20. HP: 183/183 MP: 10/19
 45093 | Vaults:3 | Reached skill level 17 in Fighting
 45095 | Vaults:3 | Received a gift from Trog
 45534 | Vaults:3 | Reached skill level 15 in Armour
 46150 | Vaults:3 | Found Ajiric's Book Boutique.
 47290 | Vaults:4 | Found Zuemm's Armour Shoppe.
 47290 | Vaults:4 | Noticed a golden dragon
 47315 | Vaults:4 | Killed a golden dragon
 47340 | Vaults:4 | Received a gift from Trog
 47500 | Vaults:4 | Bought a +1 pair of gloves of strength for 313 gold pieces
 47513 | Vaults:4 | Bought the -2 hat of the Alchemist {rElec rPois rF+ rC+ rN+
                  | Will+ rMut rCorr} for 896 gold pieces
 47513 | Vaults:4 | Found the -2 hat of the Alchemist {rElec rPois rF+ rC+ rN+
                  | Will+ rMut rCorr}
 47785 | Vaults:4 | Noticed Mennas
 47812 | Vaults:4 | Killed Mennas
 48014 | Vaults:4 | Noticed Sojobo
 48026 | Vaults:4 | Reached XP level 21. HP: 192/193 MP: 20/20
 48034 | Vaults:4 | Reached skill level 18 in Fighting
 48046 | Vaults:4 | Paralysed by an air elemental for 1 turns
 48056 | Vaults:4 | Paralysed by an air elemental for 1 turns
 48058 | Vaults:4 | Killed Sojobo
 48252 | Vaults:4 | Reached skill level 15 in Dodging
 48788 | Vaults:4 | Received a gift from Trog
 49839 | Elf:1    | Entered Level 1 of the Elven Halls
 50698 | Elf:1    | Noticed Roxanne
 50704 | Elf:1    | Found Heoc's Magic Scroll Emporium.
 50721 | Elf:1    | You fall into a shaft and drop 1 floor!
 50752 | Elf:2    | Found a runed translucent gate.
 50752 | Elf:2    | Found a runed translucent gate.
 50752 | Elf:2    | Found a runed translucent gate.
 50846 | Elf:2    | Received a gift from Trog
 51047 | Elf:2    | Reached skill level 19 in Fighting
 51610 | Elf:2    | Found a glowing golden altar of the Shining One.
 51610 | Elf:2    | Found a white marble altar of Elyvilon.
 51617 | Elf:2    | Found a glowing silver altar of Zin.
 51868 | Elf:2    | Received a gift from Trog
 51945 | Elf:2    | Found a runed translucent door.
 51953 | Elf:2    | Noticed Kay's ghost (adept MiMo)
 51986 | Elf:2    | Killed Kay's ghost
 52392 | Elf:2    | Found Gout Hia's Assorted Antiques.
 52410 | Elf:2    | Bought a scroll of teleportation for 93 gold pieces
 52410 | Elf:2    | Bought a scroll of fear for 108 gold pieces
 52740 | Elf:1    | Reached XP level 22. HP: 202/206 MP: 12/21
 52784 | Elf:1    | Bought a scroll of acquirement for 676 gold pieces
 52784 | Elf:1    | Bought a scroll of brand weapon for 260 gold pieces
 52784 | Elf:1    | Bought a scroll of enchant armour for 97 gold pieces
 52784 | Elf:1    | Bought a scroll of magic mapping for 45 gold pieces
 52784 | Elf:1    | Bought a scroll of silence for 97 gold pieces
 52788 | Elf:1    | Acquired 873 gold pieces
 53255 | Elf:3    | Entered Level 3 of the Elven Halls
 53259 | Elf:3    | Received a gift from Trog
 53347 | Elf:3    | Found a runed translucent gate.
 53347 | Elf:3    | Found a runed translucent gate.
 53348 | Elf:3    | Found a runed translucent gate.
 53349 | Elf:3    | Noticed emiel's ghost (adept NaBe)
 53421 | Elf:3    | Found Roat's Firing Range.
 54344 | Elf:3    | Identified the ring of Foolhardiness {rPois rCorr SInv}
 54409 | Elf:3    | Identified the +8 dagger "Lyuziuf" {flame, rElec rCorr
                  | SInv}
 54614 | Elf:3    | Reached skill level 20 in Fighting
 55007 | Elf:3    | Identified the ring of the Trilobite {rPois MP+9 SInv}
 55149 | Elf:3    | Identified the +2 spear "Fauqafre" {vorpal, rPois rCorr}
 55847 | Elf:3    | Killed emiel's ghost
 56025 | Elf:3    | Identified the +0 pair of boots of the True Pharaoh {rN+
                  | Int+7}
 56026 | Elf:3    | Identified the +0 pair of boots "Isuinweg" {rF+ rC- Dex+2}
 56289 | Elf:1    | Bought a scroll of blinking for 97 gold pieces
 56289 | Elf:1    | Bought a scroll of teleportation for 39 gold pieces
 56519 | Depths:1 | Entered Level 1 of the Depths
 56538 | Depths:1 | Reached skill level 5 in Evocations
 57226 | Depths:1 | Found a gateway to Hell.
 57241 | Depths:1 | Found an iron altar of Okawaru.
 57520 | Depths:1 | Found Ofuciwef's Weapon Boutique.
 58459 | Depths:2 | Noticed Bai Suzhen
 58469 | Depths:2 | Killed Bai Suzhen
 58484 | Depths:2 | Received a gift from Trog
 58622 | Depths:2 | Reached XP level 23. HP: 213/217 MP: 13/22
 59147 | Depths:2 | Found a bloodstained altar of Trog.
 59152 | Depths:2 | Identified the +5 flail of Due Proportion {vorpal, Dex+4}
 59767 | Depths:3 | Noticed Jory
 60487 | Depths:2 | Killed Jory
 60488 | Depths:2 | Reached skill level 21 in Fighting
 60668 | Depths:3 | Noticed Mara
 60688 | Depths:3 | Killed Mara
 60881 | Depths:3 | Noticed Xtahua
 60892 | Depths:3 | Killed Xtahua
 61070 | Depths:3 | Received a gift from Trog
 61516 | Depths:3 | Noticed Saint Roka
 61548 | Depths:3 | Killed Saint Roka
 61940 | Depths:3 | Noticed a caustic shrike
 61957 | Depths:3 | Killed a caustic shrike
 61961 | Depths:3 | Noticed a caustic shrike
 61986 | Depths:3 | Noticed a caustic shrike
 61987 | Depths:3 | Noticed a caustic shrike
 62003 | Depths:3 | Killed a caustic shrike
 62006 | Depths:3 | Killed a caustic shrike
 62164 | Depths:3 | Noticed a caustic shrike
 62211 | Depths:3 | Killed a caustic shrike
 62227 | Depths:3 | Killed a caustic shrike
 62671 | Depths:4 | Reached XP level 24. HP: 189/231 MP: 13/22
 62899 | Depths:4 | Noticed Louise
 62935 | Depths:4 | Killed Louise
 63004 | Depths:4 | Found a gateway to a ziggurat.
 63077 | Depths:4 | Received a gift from Trog
 63209 | Depths:4 | Identified the +2 mace "Beenem" {vorpal, rF+ rCorr Str+9
                  | Int-2}
 63552 | Depths:4 | Reached skill level 10 in Evocations
 63647 | Depths:4 | Found a shimmering blue altar of Sif Muna.
 63923 | Depths:5 | Entered Level 5 of the Depths
 64140 | Depths:4 | Reached skill level 22 in Fighting
 65747 | Depths:5 | Found a gate to the Realm of Zot.
 65855 | Depths:5 | Received a gift from Trog
 66208 | Depths:5 | Reached skill level 23 in Fighting
 66299 | Depths:5 | Reached XP level 25. HP: 131/243 MP: 13/22
 67187 | Vaults:5 | Entered Level 5 of the Vaults
 67768 | Vaults:5 | Received a gift from Trog
 68334 | Vaults:4 | Reached skill level 24 in Fighting
 68397 | Vaults:5 | Noticed an ancient lich
 68432 | Vaults:5 | Noticed a dread lich
 68563 | Vaults:5 | Noticed a dread lich
 68572 | Vaults:4 | Killed a dread lich
 68916 | Vaults:5 | Killed a dread lich
 68932 | Vaults:4 | Received a gift from Trog
 69046 | Vaults:5 | Noticed a dread lich
 69098 | Vaults:4 | Killed a dread lich
 69246 | Vaults:5 | Identified the amulet of the Furies {Spirit -Cast rC- rCorr
                  | Str+9}
 69472 | Vaults:4 | Reached XP level 26. HP: 254/256 MP: 22/22
 69505 | Vaults:5 | Killed an ancient lich
 69625 | Vaults:5 | Identified the amulet "Ryeddea" {RegenMP Regen+ Str+2
                  | Dex+3}
 69860 | Vaults:5 | Identified the +7 dire flail of Terph {elec, *Corrode rElec
                  | rN+}
 70146 | Vaults:5 | Identified the +6 bardiche of the Shark {freeze, Will+}
 70152 | Vaults:5 | Identified the +0 chain mail of Zemnat {Harm Regen+}
 70180 | Vaults:5 | Identified the +10 mace of raph's Woe {holy, rC- rN+ Will+}
 70316 | Vaults:5 | Found the +7 great mace "Firestarter" {inner flame, rF++}
 70327 | Vaults:5 | Identified the ring of the Will of the Gods {+Blink Fly
                  | Int-4 Dex+2}
 70442 | Vaults:5 | Got a silver rune of Zot
 70521 | Vaults:5 | Identified the +4 leather armour of Riwkued {+Inv rC++ rN+
                  | Int+4}
 70609 | Vaults:5 | Identified the +2 leather armour "Retupess" {Rampage rPois
                  | rC+ Dex-4}
 71192 | Orc:2    | Bought a scroll of enchant weapon for 97 gold pieces
 71192 | Orc:2    | Bought 3 scrolls of enchant armour for 292 gold pieces
 71192 | Orc:2    | Bought a scroll of silence for 97 gold pieces
 71192 | Orc:2    | Bought a scroll of teleportation for 39 gold pieces
 71192 | Orc:2    | Bought a scroll of summoning for 123 gold pieces
 71194 | Orc:2    | Bought 2 potions of ambrosia for 240 gold pieces
 71549 | Zot:1    | Entered Level 1 of the Realm of Zot
 71549 | Zot:1    | Found a blossoming altar of Fedhas.
 71675 | Zot:1    | Reached skill level 25 in Fighting
 72171 | Zot:1    | Noticed an orb of fire
 72293 | Zot:1    | Received a gift from Trog
 73495 | Zot:3    | Found a broken altar of Ashenzari.
 74833 | Zot:3    | Reached skill level 26 in Fighting
 74847 | Zot:3    | Received a gift from Trog
 75104 | Zot:4    | Noticed an orb of fire
 75131 | Zot:4    | Killed an orb of fire
 75132 | Zot:4    | Reached XP level 27. HP: 269/269 MP: 16/22
 77021 | Zot:5    | Entered Level 5 of the Realm of Zot
 77760 | Zot:5    | Reached skill level 27 in Fighting
 77889 | Zot:5    | Received a gift from Trog
 78921 | Zot:5    | Noticed an orb of fire
 78926 | Zot:5    | Gained mutation: Your magical capacity is low. (-10% MP)
                  | [an orb of fire]
 78931 | Zot:5    | Noticed an orb of fire
 78932 | Zot:5    | Noticed a dread lich
 78937 | Zot:5    | Gained mutation: Your body sometimes deteriorates upon
                  | taking damage. [an orb of fire]
 78939 | Zot:5    | Killed an orb of fire
 78943 | Zot:5    | Noticed a dread lich
 78944 | Zot:5    | Lost intelligence.
 78968 | Zot:5    | Noticed an orb of fire
 78971 | Zot:5    | Paralysed by a dread lich for 5 turns
 78971 | Zot:5    | Noticed an orb of fire
 78975 | Zot:5    | HP: 7/273 [Killer Klown (26)]
 78977 | Zot:4    | Gained mutation: Armour fits poorly on your strangely
                  | shaped body. [an orb of fire]
 78977 | Zot:4    | HP: 3/273 [Orb Guardian (10)]
 78977 | Zot:4    | Gained mutation: You are weak. (Str -2) [an orb of fire]
 78998 | Zot:4    | Killed from afar by an orb of fire

Illustrated notes

Levels and vault maps discovered:
D:1:      dpeg_arrival_houses_and_road, layout_basic, serial_shops, shop,
          minmay_unequal
D:2:      layout_loops_cross, dreamdust_ecumenical_altar_angels_and_demons,
          minmay_goblin_kobold_house
D:3:      layout_loops_cross, serial_shops, nicolae_lakefront_shop,
          grunt_decor_arrowhead, grunt_decor_cap, serial_bayou_pond_d,
          minmay_misc_feat_doors
D:4:      layout_rooms, nicolae_hepliaklqana_hazy_memory
D:5:      layout_loops_cross, amethyst_overflow_temple_binary, temple_green,
          guppyfry_early_lair_pool, uniq_pikel, uniq_prince_ribbit1,
          uniq_grinder
D:6:      lemuel_insect_pit, layout_basic
D:7:      due_chaos_kobolds, layout_loops_corners, serial_shops,
          nicolae_stop_n_shop_1
D:8:      layout_loops_ring, tso_oasis_becter, uniq_maggie
D:9:      layout_grid_maze
D:10:     layout_basic, david_orc_5, corexii_hall_statues_l
D:11:     layout_loops_ring, dpeg_oklobed_lair, elyvilon_altar_1
D:12:     minmay_smoke_and_mirrors, layout_grid_maze, moated_statue
D:13:     layout_long_grid, erik_vaults_2, nemelex_spade_bored_becter
D:14:     layout_gridville, hangedman_abyss_or_decor_stagger, item_on_display_a,
          uniq_snorg, uniq_agnes, uniq_azrael, uniq_jorgrun
D:15:     hangedman_depths_entry_civil_slaughter, layout_rooms,
          roderic_nine_men_s_morris, serial_undead, serial_undead_b,
          serial_undead_f, serial_undead_e, serial_undead_f
Lair:1:   layout_regular_city, st_stairs_9, lemuel_centaur_altar,
          grunt_megastairs_4
Lair:2:   layout_cave_pods, spider_nest_entry_web_field, grunt_megastairs_5,
          uniq_nergalle
Lair:3:   minmay_lair_venomous_thicket, layout_big_grid,
          skrybe_swamp_entry_bodies, portal_ice_cave_entry_imps,
          grunt_megastairs_1, serial_bayou_shore_b
Lair:4:   layout_loops_ring, minivault_26
Lair:5:   layout_gridlike, minmay_slime_entry_oklob_open, st_stairs_8
Lair:6:   minmay_lair_end_enchanted_forest, layout_gridlike,
          chequers_serial_rivers_micro_a, st_stairs_10
Swamp:1:  layout_falls_marsh, nicolae_swamp_round_clearing, swamp_pool1,
          nicolae_swamp_big_swirl, uniq_nikola
Swamp:2:  layout_falls_marsh, nicolae_swamp_very_dense_foliage, swamp_pool1,
          hangedman_swamp_dais, infiniplex_staircase_pool_2
Swamp:3:  layout_falls_marsh, lemuel_altar_in_water
Swamp:4:  swamp_vile, layout_basic_swamp
Spider:1: layout_spider_delve, uniq_rupert
Spider:2: layout_spider_delve, nicolae_spider_spiderdrome, uniq_arachne
Spider:3: spider_temple_joshua, beargit_elvish_explorers
Spider:4: spider_rune_water
Orc:1:    layout_caves, serial_shops, nicolae_shop_behind_doors, enter_volcano_4
Orc:2:    pf_orc_diabolical, layout_caves, serial_shops, shop, uniq_sonja
Elf:1:    layout_loops_cross, serial_shops, shop_scrolls,
          hangedman_elf_represent, grunt_ministairs_2, uniq_roxanne
Elf:2:    nicolae_elf_blades_splatter_lattice [grunt_blade_entry_basic],
          layout_gridlike, serial_shops,
          nicolae_shop_temple_entry_statues_fountains,
          portal_desolation_entry_holy_temple, ebering_ghost_inner_flame
Elf:3:    elf_hall_gauntlet_wide, layout_geoelf_grid,
          gammafunk_ghost_tricky_traps, nicolae_shop_firing_range
Vaults:1: v_misc_23, nicolae_vaults_stairing_the_circle, v_misc_10, v_misc_27,
          ontoclasm_vaults_loading_screen, nicolae_vaults_murderbox, v_rooms_2,
          hangedman_vaults_river_flow, hangedman_vaults_snaps,
          grunt_vaults_focal, layout_vaults_maze, serial_shops,
          nicolae_shop_behind_doors, uniq_aizul
Vaults:2: hangedman_vaults_stitches, vaults_standard_mumra_x,
          ontoclasm_vaults_decontamination, v_misc_12, v_misc_29,
          minmay_crypt_entry_simple_box, vaults_mumra_hex,
          nicolae_vaults_twisting_passages, vaults_mumra_lcd, st_cells,
          vaults_room_hallway, nicolae_vaults_diagonal_hallway_7,
          layout_vaults_ring
Vaults:3: nicolae_vaults_hallways_thing, v_misc_26, ontoclasm_vaults_spin,
          ontoclasm_vaults_chip, hangedman_vaults_restitches,
          grunt_vaults_hallway_short, vaults_room_hallway, vaults_dpeg_ring,
          vaults_mumra_minichess, ontoclasm_vaults_ligature, v_misc_24,
          layout_vaults_omnicross, serial_shops, shop_coins
Vaults:4: vaults_room_boxed, nicolae_vaults_triangles, hangedman_vaults_locks,
          dpeg_vaults_monster_box, vaults_room_corners, layout_vaults_omnigrid,
          uniq_mennas, uniq_sojobo
Vaults:5: serial_shops
Depths:1: layout_cave_shapes, chequers_serial_rivers_micro_a, serial_shops,
          kennysheep_little_box, hell_entry, okawaru_trees_1
Depths:2: minmay_the_grid_plus [minmay_the_grid_dragon_a, minmay_the_grid_doors,
          minmay_the_grid_tree, minmay_the_grid_gridbox,
          minmay_the_grid_prize_inner_circle], layout_gridville, chequers_jeans,
          abyss_entry, hell_entry, trog_three_pillars_becter, uniq_bai_suzhen
Depths:3: nicolae_whirlpool, layout_gridlike, pan_entry, columned_hall_lemuel,
          hangedman_coc_ice_floe, grunt_ministairs_4, uniq_saint_roka,
          uniq_mara, uniq_jory, uniq_xtahua
Depths:4: nzn_winding_woodlands_medium [nzn_winding_woodlands_5x5_open_star,
          nzn_winding_woodlands_5x15_jagged,
          nzn_winding_woodlands_5x5_perimeter, nzn_winding_woodlands_hourglass,
          nzn_winding_woodlands_center_diamonds,
          nzn_winding_woodlands_5x5_default,
          nzn_winding_woodlands_5x5_checkerboard,
          nzn_winding_woodlands_5x15_sawtooth,
          nzn_winding_woodlands_5x5_default], layout_long_grid,
          enter_ziggurat_a, nicolae_abyss_entry_one_way_or_another,
          pf_hell_entry_tar_river, rand_demon_pan_entry_8,
          nicolae_sif_muna_little_library
Depths:5: lemuel_castle_with_subvaults [lemuel_castle_interior_original],
          layout_cave_pools, grunt_mini_vestibule, minmay_door_square
Zot:1:    layout_gridlike, basic_altar, grunt_ministairs_4, nrook_zot_tub
Zot:2:    layout_misc_corridors
Zot:3:    layout_cathedral_of_symmetry, basic_altar, st_stairs_8,
          st_small_dragon_hoard_2
Zot:4:    layout_gridlike, hangedman_zot_wheel_spokes, zot_minivault_1,
          lemuel_elevator
Zot:5:    layout_gridlike

Skill      XL: |  1  2  3  4  5  6  7  8  9 10 11 12 13 14 15 16 17 18 19 20 21 22 23 24 25 26 27 |
---------------+----------------------------------------------------------------------------------+-----
Maces & Flails | 4 5 6 7 8 9 11 14 15 16 | 16.0
Shields        | 4 6 12 15 16 17 18 19 21 22 24 25 | 25.0
Fighting       | 6 7 8 9 10 11 12 14 15 16 17 19 20 21 23 24 26 27 | 27.0
Armour         | 5 6 7 9 10 11 12 13 14 15 17 19 20 21 22 23 | 23.9
Dodging        | 4 6 7 8 9 10 11 12 13 14 16 17 18 19 20 21 22 | 22.4
Slings         | 1 5 6 7 8 9 10 11 13 14 | 14.0
Evocations     | 1 3 4 6 9 11 12 13 14 | 14.9

Action                   |  1- 3 |  4- 6 |  7- 9 | 10-12 | 13-15 | 16-18 | 19-21 | 22-24 | 25-27 || total
-------------------------+-------+-------+-------+-------+-------+-------+-------+-------+-------++-------
Melee: Mace              |    50 |    71 |    64 |       |       |       |       |       |       ||   185
       Headbutt          |    11 |    10 |    31 |   120 |   385 |   633 |   795 |   841 |   508 ||  3334
       Morningstar       |       |       |    90 |   435 |    92 |       |       |       |       ||   617
       Eveningstar       |       |       |       |    12 |  1108 |    59 |   206 |   292 |   722 ||  2399
       Demon whip        |       |       |       |     3 |   165 |  1528 |  1606 |  1502 |   418 ||  5222
       Sacred scourge    |       |       |       |       |       |       |    30 |   201 |    75 ||   306
 Fire: Hunting sling     |       |       |    26 |    22 |       |       |       |       |       ||    48
       Fustibalus        |       |       |       |       |   117 |   346 |   264 |   254 |   368 ||  1349
Invok: Berserk           |     2 |     3 |     7 |    12 |    17 |     6 |     8 |     3 |     3 ||    61
       Trog's Hand       |       |       |     2 |     5 |    12 |    18 |     8 |     7 |     8 ||    60
       Brothers in Arms  |       |       |       |     1 |     5 |    12 |    10 |     3 |    10 ||    41
 Abil: Evoke Blink       |       |       |       |       |       |       |       |       |     2 ||     2
Evoke: Wand              |       |       |       |       |       |     3 |     2 |     2 |       ||     7
       Phantom mirror    |       |       |       |       |       |       |     1 |       |     1 ||     2
       Phial of floods   |       |       |       |       |       |       |     1 |       |       ||     1
       Condenser vane    |       |       |       |       |       |       |       |       |     1 ||     1
  Use: Scroll            |     7 |       |     9 |    12 |    11 |    14 |     1 |    10 |    16 ||    80
       Potion            |       |       |     1 |       |     3 |     5 |     4 |     1 |     6 ||    20
 Stab: Distracted        |       |       |       |       |       |       |     4 |       |       ||     4
Armor: Animal skin       |     6 |       |       |       |       |       |       |       |       ||     6
       Leather armour    |    12 |     8 |       |       |       |       |       |       |       ||    20
       Ring mail         |       |     5 |    46 |       |       |       |       |       |       ||    51
       Plate armour      |       |       |       |   115 |    10 |       |       |       |       ||   125
       Acid dragon scale |       |       |       |     1 |       |       |       |       |       ||     1
       Crystal plate arm |       |       |       |       |   486 |   769 |   371 |   323 |   422 ||  2371
Dodge: Dodged            |    27 |    35 |    70 |    70 |   250 |   395 |   353 |   451 |   523 ||  2174
Block: Kite shield       |       |       |    34 |    92 |       |       |       |       |       ||   126
       Tower shield      |       |       |       |   254 |  1681 |  1889 |  1687 |  1851 |  1602 ||  8964
       Reflection        |       |       |       |       |       |       |    19 |    28 |       ||    47
